 Dungeon Sprint DCSS version 0.22.1-2-g9c5b331 (console) character file.

765 verb the Cleaver (level 7, -9/67 HPs)
             Began as a Minotaur Gladiator on Dec 23, 2018.
             Was a Follower of Lugonu.
             Mangled by a sun demon (16 damage)
             ... summoned by a kobold demonologist
             ... in the Dungeon (Sprint I: "Red Sonja").
             The game lasted 00:05:22 (381 turns).

verb the Cleaver (Minotaur Gladiator)                Turns: 381, Time: 00:05:23

Health: -9/67      AC:  3    Str: 20    XL:     7   Next: 52%
Magic:  6/6        EV: 18    Int:  5    God:    Lugonu [*.....]
Gold:   270        SH:  0    Dex: 12    Spells: 6/6 levels left

rFire    . . .     SeeInvis .   a - +0 war axe
rCold    . . .     Gourm    .   (no shield)
rNeg     . . .     Faith    .   b - +0 leather armour
rPois    .         Spirit   .   c - +0 hat
rElec    .         Reflect  .   (no cloak)
rCorr    .         Harm     .   (no gloves)
MR       .....     NoTele   +   (no boots)
Stlth    +.........             (no amulet)
HPRegen  0.21/turn              (no ring)
MPRegen  0.10/turn              (no ring)

@: berserk cooldown, very slightly contaminated, hasted and slowed
A: retaliatory headbutt, horns 2
a: Renounce Religion


You were in the Dungeon.
You worshipped Lugonu.
Lugonu was aware of your devotion.
You were not hungry.

You visited 1 branch You collected 270 gold pieces.

Inventory:

Hand Weapons
 a - a +0 war axe (weapon)
Missiles
 d - 3 throwing nets (quivered)
Armour
 b - a +0 leather armour (worn)
 c - a +0 hat (worn)
Potions
 i - 2 potions of magic
Comestibles
 f - a ration


   Skills:
 + Level 7.7 Fighting
 + Level 12.6 Axes
 + Level 5.4 Throwing
 + Level 3.4 Armour
 + Level 11.0 Dodging


You had 6 spell levels left.
You didn't know any spells.
Your spell library was empty.

Dungeon Overview and Level Annotations

Branches:
Dungeon (1/1)

Altars:
Makhleb
Xom
Jiyva
Lugonu


Innate Abilities, Weirdness & Mutations

You reflexively headbutt those who attack you in melee.
You have a pair of horns on your head.


Message History

Things that are here:
a dagger; a robe; a kobold corpse You closely miss the kobold demonologist.
The kobold demonologist is heavily wounded.
You completely miss the sun demon.
The kobold demonologist gestures wildly while chanting.
You barely miss the kobold demonologist.
You headbutt the kobold demonologist.
The kobold demonologist is heavily wounded.
You closely miss the sun demon.
You are no longer berserk.
You are exhausted.
You feel yourself slow down. The sun demon closely misses you.
You furiously You headbutt the sun demon, but do no damage.
You closely miss the kobold demonologist.
The kobold demonologist is heavily wounded.
You barely miss the sun demon. You barely miss the rust devil.
The kobold demonologist casts a cantrip, but nothing happens.
The sun demon hits you!
You die...

##########################
#<.#..)..#..'..#K_#..'...#
#..)..#..').#..@35'..#K5.#
#..#####'#####+#44####.4.+
#..# #..# #### #### #..#
#### #..# #⌠⌠# ####


You could see a sun demon, a rust devil, a kobold demonologist, a chaos spawn
and an ufetubus.

Vanquished Creatures
  A kobold demonologist (D)
  A slime creature (D)
  Sigmund (D)
  A floating eye (D)
  An ogre (D)
  Ijyb (D)
6 creatures vanquished.

Notes
Turn   | Place    | Note
-------+----------+-------------------------------------------
     0 | D        | verb the Minotaur Gladiator began the quest for the Orb.
     0 | D        | Reached XP level 1. HP: 18/18 MP: 0/0
     2 | D        | Noticed Ijyb
    21 | D        | Killed Ijyb
    21 | D        | Reached skill level 5 in Axes
    21 | D        | Reached skill level 5 in Dodging
    21 | D        | Reached XP level 2. HP: 18/26 MP: 1/1
   120 | D        | Noticed an ogre
   124 | D        | Killed an ogre
   124 | D        | Reached skill level 7 in Axes
   124 | D        | Reached skill level 1 in Armour
   124 | D        | Reached XP level 3. HP: 34/34 MP: 2/2
   124 | D        | Reached XP level 4. HP: 41/41 MP: 3/3
   136 | D        | Noticed Sigmund
   139 | D        | Killed Sigmund
   139 | D        | Reached skill level 5 in Fighting
   139 | D        | Reached skill level 9 in Axes
   139 | D        | Reached XP level 5. HP: 49/49 MP: 4/4
   153 | D        | Found a burning altar of Makhleb.
   153 | D        | Found a viscous altar of Jiyva.
   153 | D        | Found a shimmering altar of Xom.
   153 | D        | Found a corrupted altar of Lugonu.
   153 | D        | Noticed a slime creature
   161 | D        | Killed a slime creature
   161 | D        | Reached skill level 11 in Axes
   161 | D        | Reached skill level 5 in Throwing
   161 | D        | Reached XP level 6. HP: 25/58 MP: 5/5
   337 | D        | Became a worshipper of Lugonu the Unformed
   337 | D        | Reached * piety under Lugonu
   350 | D        | Noticed a kobold demonologist
   350 | D        | Noticed a floating eye
   351 | D        | Noticed a red devil
   351 | D        | Noticed a kobold demonologist
   352 | D        | Killed a floating eye
   352 | D        | Reached skill level 10 in Dodging
   352 | D        | Reached XP level 7. HP: 64/64 MP: 6/6
   355 | D        | Noticed an ice devil
   363 | D        | Noticed a sun demon
   374 | D        | Noticed a rust devil
   376 | D        | Killed a kobold demonologist
   376 | D        | Reached skill level 12 in Axes
   380 | D        | Noticed a chaos spawn
   381 | D        | Mangled by a sun demon

Skill      XL: |  1  2  3  4  5  6  7 |
---------------+----------------------+-----
Fighting       | 3 4 5 6 7 |  7.7
Axes           | 5 7 9 11 12 | 12.6
Dodging        | 5 6 8 9 10 11 | 11.0
Throwing       | 3 4 5 |  5.4
Armour         | 1 2 3 |  3.4

Action                   |  1- 3 |  4- 6 |  7- 9 || total
-------------------------+-------+-------+-------++-------
Melee: War axe           |    21 |    10 |    18 ||    49
       Headbutt          |     3 |     3 |     8 ||    14
  Use: Potion            |       |       |     4 ||     4
       Scroll            |       |       |     1 ||     1
Armor: Leather armour    |     5 |     1 |     2 ||     8
Dodge: Dodged            |    13 |     6 |    10 ||    29
